 Dungeon Crawl Stone Soup version 0.20-a0-1126-g0f15420 (webtiles) character file.

79930 Lexie the Nimble (level 15, -2/107 HPs)
             Began as an Octopode Fire Elementalist on May 17, 2017.
             Was the Champion of Vehumet.
             Slain by a white ugly thing (33 damage)
             ... on level 14 of the Dungeon.
             The game lasted 01:31:00 (41203 turns).

Lexie the Nimble (Octopode Fire Elementalist)      Turns: 41203, Time: 01:31:00

Health: -2/107     AC:  3    Str: 12    XL:     15   Next: 65%
Magic:  1/29       EV: 21    Int: 26    God:    Vehumet [******]
Gold:   2050       SH:  5    Dex: 14    Spells: 7/35 levels left

rFire    + + .     SeeInvis .   y - staff of energy
rCold    x . .     Gourm    .   l - +0 buckler
rNeg     . . .     Faith    .   M - +2 hat
rPois    .         Spirit   .   G - amulet of regeneration
rElec    .         Reflect  .   j - ring of protection from fire
rCorr    .         Harm     .   L - +2 ring of dexterity
MR       +....                  V - +3 ring of intelligence
Stlth    +++++.....             X - ring of fire
Regen    0.7/turn               U - +3 ring of strength
MPRegen  0.3/turn               (no ring)
                                (no ring)
                                (no ring)

@: no status effects
A: almost no armour, stealthy swim, amphibious, 8 rings, constrict 8, camouflage
1, gelatinous body 1
a: Renounce Religion


You were on level 14 of the Dungeon.
You worshipped Vehumet.
Vehumet was exalted by your worship.
You were near starving.

You visited 4 branches of the dungeon, and saw 24 of its levels.
You also visited: Ossuary and Volcano.

You collected 2050 gold pieces.

Inventory:

Hand Weapons
 i - a +0 blowgun
 P - a +3 dagger of draining
 W - a +2 dagger of venom
Missiles
 Q - 6 curare-tipped needles
Armour
 l - a +0 buckler (worn)
 M - a +2 hat (worn)
Magical Staves
 y - an uncursed staff of energy (weapon)
Jewellery
 j - a ring of protection from fire (left tentacle)
 G - an amulet of regeneration (around mantle)
 I - an uncursed ring of ice
 L - a +2 ring of dexterity (right tentacle)
 U - a +3 ring of strength (on tentacle)
 V - a +3 ring of intelligence (on tentacle)
 X - a ring of fire (on tentacle)
 Z - an uncursed ring of fire
Wands
 n - a wand of digging (22/24)
 B - a wand of lightning (3/15)
 J - a wand of iceblast (7/15)
 N - a wand of iceblast (6/15)
 O - a wand of acid (4/15)
 R - a wand of iceblast (10/15)
Scrolls
 c - 14 scrolls of remove curse
 h - 3 scrolls of teleportation
 m - 2 scrolls of enchant weapon
 o - 2 scrolls of recharging
 p - 17 scrolls of identify
 A - 5 scrolls of amnesia
 E - 7 scrolls of fear
 F - a scroll of summoning
 S - a scroll of fog
Potions
 e - 5 potions of flight
 f - 2 potions of brilliance
 k - 2 potions of lignification
 q - 10 potions of heal wounds
 r - 4 potions of haste
 s - 3 potions of cancellation
 t - 5 potions of might
 u - 10 potions of curing
 v - 3 potions of agility
 w - 9 potions of degeneration
 x - 2 potions of magic
 z - 3 potions of mutation
 C - a potion of resistance
Books
 a - a book of Flames

   Spells                             Type                      Level
   a - Flame Tongue                   Conjuration/Fire             1
   b - Throw Flame                    Conjuration/Fire             2
   c - Conjure Flame                  Conjuration/Fire             3
   d - Inner Flame                    Hexes/Fire                   3
   e - Sticky Flame                   Conjuration/Fire             4
   f - Fireball                       Conjuration/Fire             5
 H - a book of Changes

   Spells                             Type                      Level
   a - Beastly Appendage              Transmutation                1
   b - Sticks to Snakes               Transmutation                2
   c - Spider Form                    Transmutation/Poison         3
   d - Ice Form                       Ice/Transmutation            4
   e - Blade Hands                    Transmutation                5
 K - a book of Callings

   Spells                             Type                      Level
   a - Summon Small Mammal            Summoning                    1
   b - Call Imp                       Summoning                    2
   c - Call Canine Familiar           Summoning                    3
   d - Summon Guardian Golem          Hexes/Summoning              3
   e - Summon Lightning Spire         Summoning/Air                4
   f - Summon Ice Beast               Ice/Summoning                4
Miscellaneous
 D - a lightning rod (4/4)
Comestibles
 b - 17 bread rations
 d - 14 royal jellies
 g - 15 meat rations
 T - 2 fruits


   Skills:
 * Level 11.6 Fighting
 * Level 12.5 Dodging
 - Level 8.2 Stealth
 - Level 4.0 Shields
 + Level 10.9 Spellcasting
 + Level 11.6 Conjurations
 + Level 11.4 Fire Magic
 - Level 7.4 Poison Magic


You had 7 spell levels left.
You knew the following spells:

 Your Spells              Type           Power        Failure   Level  Hunger
a - Flame Tongue          Conj/Fire      #####        1%          1    None
b - Throw Flame           Conj/Fire      ######       1%          2    None
c - Conjure Flame         Conj/Fire      #######.     1%          3    None
d - Sticky Flame          Conj/Fire      #######.     1%          4    None
e - Fireball              Conj/Fire      #######...   1%          5    None
f - Olgreb's Toxic Radia  Pois           ######..     1%          4    None
g - Throw Icicle          Conj/Ice       #####...     1%          4    None
h - Iskenderun's Battles  Conj/Chrm      #####...     3%          5    None


Dungeon Overview and Level Annotations

Branches:
Dungeon (15/15)            Temple (1/1) D:5            Lair (6/6) D:11
  Swamp (0/4) Lair:2       Spider (0/4) Lair:3        Slime (0/5) Lair:6
    Orc (2/2) D:11            Elf (0/3) Orc:2        Vaults (0/5) D:14
 Depths: D:15

Altars:
Ashenzari
Cheibriados
Dithmenos
Elyvilon
Fedhas
Gozag
Hepliaklqana
Kikubaaqudgha
Makhleb
Nemelex Xobeh
Okawaru
Qazlal
Ru
Sif Muna
Trog
Uskayaw
Vehumet
Wu Jian
Xom
Yredelemnul
Zin
The Shining One
Beogh

Shops:
D:10 *   D:12 }   Orc:1 ((   Orc:2 }[(}

Annotations:
D:15 Josephine


Innate Abilities, Weirdness & Mutations

You cannot wear most types of armour.
You are very stealthy in the water. (Stealth+)
You are amphibious.
You can wear up to eight rings at the same time.
You can use your tentacles to constrict eight enemies at once.
Your skin changes colour to match your surroundings (Stealth+).
Your rubbery body absorbs attacks. (AC +1, EV +1)


Message History

The white ugly thing burns!
The white ugly thing burns!
The white ugly thing bites you. The white ugly thing freezes you!!!
You feel a terrible chill!
The white ugly thing burns!
Casting: Sticky Flame
Confirm with . or Enter, or press ? or * to list all spells.
Aiming: Throw Flame
Press: ? - help, Shift-Dir - straight line, f/p - white ugly thing
Aim: a white ugly thing (severely wounded, covered in liquid flames)
You feel a surge of power!
The puff of flame hits the white ugly thing.
The white ugly thing is almost dead.
The white ugly thing burns!
The white ugly thing stops burning.
The white ugly thing bites you! The white ugly thing freezes you!!
You feel a terrible chill!
* * * LOW HITPOINT WARNING * * *
You feel much better. The white ugly thing bites you!
* * * LOW HITPOINT WARNING * * *
The white ugly thing freezes you!!
You feel a terrible chill!
You die...

####.#####.#. ####### #.# #...
#.....# #.# #... ###.###.# #.#
#.## #...###.########
#.#####... #.#>...........#
#......#.. #...###.######.##
#####.###. ##..###.#
#u..###### ##(#.. #.......#
#@.......# ##.#. #..###.##
#........# ##.. #..###.#
#.##.....# #..
#....#.######.##.....# #..
#.##.#...............# #..
#.##.#......#.##.##.########..
#...........#.##.##.###.......
####.#........##.##...........
#.#......###...#####.......


You could see a white ugly thing.

Vanquished Creatures
  An orc warlord (Orc:2)
  A stone giant (Lair:5)
  Nessos (D:15)
  Erolcha (Orc:1)
  9 hydras
  An ice dragon (D:15)
  A catoblepas (Lair:5)
  5 two-headed ogres
  4 centaur warriors
  2 orc high priests (Orc:2)
  Sonja (D:10)
  An unseen horror (D:10)
  A necromancer (D:14)
  4 orc knights
  2 deep elf magi (D:14)
  An ugly thing (D:11)
  3 oklob plants (Lair:5)
  A cyclops (D:11)
  3 orc sorcerers
  Psyche (D:8)
  A manticore (D:14)
  An elephant (Lair:6)
  5 black mambas
  2 gargoyles (Volcano)
  A torpor snail (Lair:4)
  13 spiny frogs
  8 komodo dragons
  2 efreet
  2 rime drakes
  7 trolls
  3 meliai (Lair:6)
  5 polar bears
  2 hornets (Lair:6)
  A queen bee (Lair:6)
  2 dream sheep (Lair:6)
  12 hippogriffs
  5 slime creatures
  27 blink frogs
  Prince Ribbit (D:7)
  14 spriggans
  A spriggan (shapeshifter) (D:13)
  4 wyverns
  4 basilisks
  45 yaks
  A hungry ghost (D:14)
  A steam dragon (D:11)
  3 wargs
  4 swamp worms (Lair:2)
  2 acid dragons (D:11)
  15 water moccasins
  11 porcupines
  3 sky beasts
  8 black bears
  3 necrophages
  40 orc warriors
  3 ice beasts
  3 phantoms
  5 boggarts (Lair:6)
  15 ogres
  22 wolves
  14 centaurs
  7 crocodiles
  A big kobold (D:11)
  18 bullfrogs
  8 scorpions
  20 killer bees (Lair:6)
  6 wights
  2 howler monkeys (D:6)
  3 centaur zombies
  6 crimson imps
  A bullfrog zombie (D:12)
  9 bullfrog skeletons
  7 hounds
  2 human zombies (Ossuary)
  6 jellies
  25 orc priests
  4 centaur skeletons
  Ijyb (D:5)
  4 iguanas
  22 orc wizards
  11 worker ants
  A hound zombie (D:11)
  4 hound skeletons
  2 mummies (Ossuary)
  A worker ant zombie (D:5)
  25 gnolls
  21 adders
  3 shadow imps
  An adder zombie (D:5)
  2 adder skeletons
  21 worms
  A dart slug (D:1)
  6 leopard geckos
  126 orcs
  14 bats
  6 giant cockroaches
  16 goblins
  23 hobgoblins
  8 jackals
  4 quokkas
  A ball python (D:1)
  7 frilled lizards
  2 gnoll zombies (Ossuary)
  2 goblin zombies (Ossuary)
  16 kobolds
  A leopard gecko skeleton (D:4)
  A quokka skeleton (D:5)
  12 rats
  A fungus (Lair:6)
  4 plants
860 creatures vanquished.

Vanquished Creatures (collateral kills)
  A hippogriff (Lair:1)
  A fungus (Lair:1)
2 creatures vanquished.

Vanquished Creatures (others)
  27 fungi
  20 plants
47 creatures vanquished.

Grand Total: 909 creatures vanquished

Notes
Turn   | Place    | Note
-------+----------+-------------------------------------------
     0 | D:1      | Lexie the Octopode Fire Elementalist began the quest for the Orb.
     0 | D:1      | Reached XP level 1. HP: 11/11 MP: 3/3
   185 | D:1      | Reached XP level 2. HP: 14/17 MP: 0/5
  1255 | D:1      | Reached XP level 3. HP: 21/21 MP: 3/6
  1338 | D:2      | Learned a level 2 spell: Throw Flame
  1342 | D:2      | Learned a level 3 spell: Conjure Flame
  1843 | D:2      | Found an iron altar of Okawaru.
  1843 | D:2      | Found a shimmering altar of Xom.
  1848 | D:2      | Found a stormy altar of Qazlal.
  1850 | D:2      | Found a basalt altar of Yredelemnul.
  1852 | D:2      | Found a deep blue altar of Sif Muna.
  2168 | D:2      | Reached XP level 4. HP: 4/27 MP: 0/8
  2182 | D:2      | HP: 1/27 [poisoned by an adder]
  3274 | D:3      | Reached XP level 5. HP: 31/31 MP: 2/10
  3444 | D:3      | Learned a level 4 spell: Sticky Flame
  4493 | D:3      | Found a glowing silver altar of Zin.
  4493 | D:3      | Found an opulent altar of Gozag.
  4754 | D:3      | Reached skill level 1 in Shields
  5204 | D:4      | Reached XP level 6. HP: 36/36 MP: 4/11
  6071 | D:4      | Reached XP level 7. HP: 28/41 MP: 5/13
  6675 | D:5      | Entered Level 5 of the Dungeon
  7119 | D:5      | Found a staircase to the Ecumenical Temple.
  7135 | Temple   | Entered the Ecumenical Temple
  7356 | Temple   | Became a worshipper of Vehumet
  7576 | D:5      | Reached skill level 5 in Spellcasting
  7674 | D:5      | Reached skill level 5 in Conjurations
  7883 | D:5      | Reached XP level 8. HP: 46/46 MP: 13/15
  7940 | D:5      | Noticed Ijyb
  8894 | D:5      | Reached * piety under Vehumet
  8894 | D:5      | Offered knowledge of Sting by Vehumet.
  9013 | D:5      | Killed Ijyb
  9928 | D:6      | Found a burning altar of Makhleb.
 10107 | D:6      | Found a sand-covered staircase.
 10118 | D:6      | Learned a level 5 spell: Fireball
 10119 | Ossuary  | Entered an ossuary
 10433 | Ossuary  | Reached skill level 5 in Fire Magic
 11330 | D:6      | Found a hazy altar of Hepliaklqana.
 11332 | D:6      | Found an ornate altar of the Wu Jian Council.
 11355 | D:6      | Found a hide-covered altar of Uskayaw.
 11366 | D:6      | Found a sacrificial altar of Ru.
 11628 | D:6      | Reached XP level 9. HP: 51/51 MP: 3/18
 12406 | D:7      | Noticed Prince Ribbit
 12416 | D:7      | Killed Prince Ribbit
 13414 | D:8      | Reached ** piety under Vehumet
 13474 | D:8      | Offered knowledge of Sandblast by Vehumet.
 13579 | D:8      | Found an ancient bone altar of Kikubaaqudgha.
 13976 | D:8      | Reached skill level 5 in Stealth
 14228 | D:8      | Found a sacrificial altar of Ru.
 14243 | D:8      | Noticed Psyche
 14250 | D:8      | Killed Psyche
 14250 | D:8      | Reached XP level 10. HP: 26/56 MP: 16/21
 14420 | D:8      | Noticed a two-headed ogre
 14436 | D:8      | Killed a two-headed ogre
 14625 | D:8      | Offered knowledge of Dazzling Spray by Vehumet.
 15180 | D:9      | Reached *** piety under Vehumet
 15880 | D:10     | Entered Level 10 of the Dungeon
 15913 | D:10     | Noticed Sonja
 15915 | D:10     | Killed Sonja
 16130 | D:10     | Noticed a two-headed ogre
 16144 | D:10     | Killed a two-headed ogre
 16144 | D:10     | Reached XP level 11. HP: 61/61 MP: 10/24
 16230 | D:10     | Noticed a centaur warrior
 16239 | D:10     | Killed a centaur warrior
 16805 | D:10     | Found Xyeloo's General Store.
 16827 | D:10     | Noticed a centaur warrior
 17023 | D:10     | Killed an unseen horror
 17023 | D:10     | Reached skill level 10 in Conjurations
 17024 | D:10     | Killed a centaur warrior
 17391 | D:11     | Found a staircase to the Lair.
 17426 | D:11     | Offered knowledge of Olgreb's Toxic Radiance by Vehumet.
 17432 | D:11     | Learned a level 4 spell: Olgreb's Toxic Radiance
 17452 | D:11     | Noticed a four-headed hydra
 17463 | D:11     | Killed a four-headed hydra
 17463 | D:11     | Reached skill level 1 in Fighting
 17463 | D:11     | Reached skill level 1 in Poison Magic
 17821 | D:11     | Found a roughly hewn altar of Beogh.
 17821 | D:11     | Found a staircase to the Orcish Mines.
 17829 | D:11     | Reached **** piety under Vehumet
 17846 | D:11     | Offered knowledge of Iskenderun's Mystic Blast by Vehumet.
 17876 | D:11     | Reached skill level 3 in Dodging
 18424 | D:11     | Noticed an orc knight
 18693 | D:11     | Noticed a cyclops
 18698 | D:11     | Killed a cyclops
 18698 | D:11     | Reached skill level 4 in Dodging
 19045 | D:11     | Noticed a brown ugly thing
 19063 | D:11     | Killed a brown ugly thing
 19131 | D:11     | Reached XP level 12. HP: 66/73 MP: 6/25
 20094 | D:11     | Reached skill level 5 in Dodging
 20668 | D:12     | Found Mouwicet's Gadget Shoppe.
 21048 | D:12     | Noticed a two-headed ogre
 21055 | D:12     | Killed a two-headed ogre
 21055 | D:12     | Reached skill level 5 in Fighting
 21194 | D:12     | Reached skill level 6 in Dodging
 21662 | D:13     | Reached ***** piety under Vehumet
 21746 | D:13     | You fall through a shaft for 2 floors!
 21746 | D:15     | Entered Level 15 of the Dungeon
 21757 | D:15     | Noticed Nessos
 21783 | D:15     | Killed Nessos
 21880 | D:15     | Noticed Josephine
 21888 | D:14     | Offered knowledge of Throw Icicle by Vehumet.
 21894 | D:14     | Learned a level 4 spell: Throw Icicle
 22174 | D:14     | Noticed a two-headed ogre
 22177 | D:14     | Killed a two-headed ogre
 22177 | D:14     | Reached skill level 5 in Poison Magic
 22345 | D:14     | Found a gate to the Vaults.
 22385 | D:14     | Reached skill level 7 in Dodging
 23074 | D:13     | Noticed a two-headed ogre
 23085 | D:13     | Killed a two-headed ogre
 23574 | D:14     | Reached XP level 13. HP: 68/86 MP: 15/26
 23764 | D:14     | Reached skill level 8 in Dodging
 24303 | Lair:1   | Entered Level 1 of the Lair of Beasts
 25532 | Lair:1   | Reached skill level 9 in Dodging
 26166 | Lair:2   | Offered knowledge of Airstrike by Vehumet.
 26286 | Lair:2   | Found a staircase to the Swamp.
 26374 | Lair:2   | Reached skill level 10 in Fire Magic
 28307 | Lair:3   | Found a hole to the Spider Nest.
 28592 | Lair:3   | Reached skill level 10 in Dodging
 28822 | Lair:4   | Reached XP level 14. HP: 97/97 MP: 21/27
 29819 | Lair:4   | Reached skill level 10 in Spellcasting
 30721 | Lair:5   | Found a dark tunnel.
 30726 | Volcano  | Entered a volcano
 30906 | Volcano  | Noticed a stone giant
 30959 | Lair:5   | Killed a stone giant
 32095 | Lair:5   | Reached skill level 10 in Fighting
 32696 | Lair:6   | Entered Level 6 of the Lair of Beasts
 32790 | Lair:6   | Found a staircase to the Slime Pits.
 33120 | Lair:6   | Reached skill level 11 in Dodging
 33958 | Lair:6   | Offered knowledge of Bolt of Draining by Vehumet.
 35202 | Lair:6   | Reached XP level 15. HP: 105/105 MP: 22/29
 36113 | Lair:6   | Reached ****** piety under Vehumet
 36481 | Lair:6   | Offered knowledge of Iskenderun's Battlesphere by Vehumet.
 36492 | Lair:6   | Learned a level 5 spell: Iskenderun's Battlesphere
 37008 | D:11     | Reached skill level 12 in Dodging
 37098 | Orc:1    | Entered Level 1 of the Orcish Mines
 37260 | Orc:1    | Noticed Erolcha
 37266 | Orc:1    | Killed Erolcha
 37786 | Orc:1    | Found Riogg's Weapon Boutique.
 38045 | Orc:2    | Entered Level 2 of the Orcish Mines
 38541 | Orc:2    | Found a staircase to the Elven Halls.
 38817 | Orc:2    | Found a roughly hewn altar of Beogh.
 39101 | Orc:2    | Found a roughly hewn altar of Beogh.
 39101 | Orc:2    | Found Loqip's Gadget Boutique.
 39175 | Orc:2    | Offered knowledge of Conjure Ball Lightning by Vehumet.
 39496 | Orc:2    | Noticed an orc warlord
 39504 | Orc:1    | Found Kuichogh's Antique Weapon Boutique.
 39730 | Orc:2    | Killed an orc warlord
 40090 | Orc:2    | Found Boxucef's Antique Armour Emporium.
 40091 | Orc:2    | Found a roughly hewn altar of Beogh.
 40095 | Orc:2    | Found Uwkoeh's Antique Weapon Shoppe.
 40233 | Orc:2    | Found a roughly hewn altar of Beogh.
 40308 | Orc:2    | Found Olai's Gadget Emporium.
 41203 | D:14     | Slain by a white ugly thing

Vault maps used:
D:1:      nicolae_arrival_memento_mori
D:2:      chequers_temple_overflow_minitemple, first_bread
D:3:      grunt_temple_overflow_gold_and_silver, serial_curves, eino_curves_04,
          eino_curves_02
D:5:      corexii_shantytown, minmay_temple_entry_junction_2, uniq_ijyb
D:6:      lightli_temple_of_fire, nicolae_overflow_quartered_altars,
          nicolae_ossuary_entry_plus
D:7:      the_bakery, uniq_prince_ribbit1
D:8:      kiku_gazebo_pond_becter, nicolae_ru_awakened_eye, uniq_psyche
D:10:     serial_shops, kennysheep_little_box, uniq_sonja
D:11:     cheibrodos_orc_bank, lair_entry_dummy, david_orc_5
D:12:     serial_shops, nicolae_shop_behind_doors, lemuel_flamethrower_3
D:14:     david_vaults_1
D:15:     grunt_enter_depths_hoard, kennysheep_crisscross,
          portal_ice_cave_entry_pillars_2, uniq_josephine, uniq_agnes,
          uniq_kirke, uniq_nessos
Temple:   compressed_dpeg_triangle_lava_temple
Lair:1:   roderic_batcave, grunt_megastairs_2, infiniplex_staircase_pool
Lair:2:   swamp_mist, grunt_forest_stairs_basic, worms_lemuel
Lair:3:   nicolae_spider_entry_non_spiders
Lair:5:   enter_volcano_4, serial_bayou_ford_a, infiniplex_staircase_pool_2,
          minmay_lair_oklob_chamber
Lair:6:   minmay_lair_end_enchanted_forest, minmay_slime_entry_pillars,
          special_room, lab_entry_generic, minivault_24, st_stairs_5,
          serial_bayou_shore_b
Orc:1:    serial_shops, nicolae_shop_temple_entry_statues_fountains,
          nicolae_shop_temple_entry_statues_fountains, uniq_erolcha
Orc:2:    grunt_orc_community_town_hall, grunt_orc_community_big_house_1,
          grunt_orc_community_big_house_1, grunt_orc_community_house_2,
          grunt_orc_community_house_2, grunt_orc_community_house_3,
          grunt_orc_community_house_3
Ossuary:  ossuary_crypta
Volcano:  volcano_pools

Skill      XL: |  1  2  3  4  5  6  7  8  9 10 11 12 13 14 15 |
---------------+----------------------------------------------+-----
Conjurations   | 2 3 4 5 6 8 9 10 11 | 11.6
Spellcasting   | 3 4 5 6 7 9 10 | 10.9
Shields        | 1 2 4 |  4.0
Fire Magic     | 4 5 6 7 8 9 10 11 | 11.4
Stealth        | 5 7 8 |  8.2
Fighting       | 3 7 9 10 11 | 11.6
Poison Magic   | 3 5 7 |  7.4
Dodging        | 4 7 10 11 12 | 12.5

Action                   |  1- 3 |  4- 6 |  7- 9 | 10-12 | 13-15 || total
-------------------------+-------+-------+-------+-------+-------++-------
Melee: Unarmed           |    20 |       |     7 |       |       ||    27
       Constrict         |     7 |     1 |    25 |     7 |     5 ||    45
       Tentacles         |     1 |       |    13 |    15 |     8 ||    37
       Dagger            |       |     9 |    82 |    42 |    39 ||   172
       Staff             |       |       |       |       |    12 ||    12
 Cast: Flame Tongue      |    77 |   118 |   239 |   444 |   569 ||  1447
       Throw Flame       |       |    22 |    61 |   106 |   397 ||   586
       Conjure Flame     |       |     2 |     4 |    10 |     5 ||    21
       Sticky Flame      |       |     2 |    29 |    48 |   135 ||   214
       Fireball          |       |       |     3 |    39 |   156 ||   198
       Throw Icicle      |       |       |       |     4 |     4 ||     8
  Use: Scroll            |       |       |       |    10 |    21 ||    31
       Potion            |       |       |       |       |     1 ||     1
 Stab: Sleeping          |       |     3 |     6 |     4 |       ||    13
  Eat: Chunk             |     4 |    13 |    22 |    34 |    54 ||   127
       Royal jelly       |       |       |     4 |     2 |     3 ||     9
Armor: Skin              |     1 |     2 |     5 |    11 |    13 ||    32
Dodge: Dodged            |    28 |    48 |   123 |   143 |   258 ||   600
Block: Buckler           |       |       |       |    33 |    76 ||   109
